 Dungeon Crawl Stone Soup version 0.31.0-32-g396128a36d (webtiles) character file.

Game seed: 7591184467518255183

6499 Peloso the Carver (level 10, -10/90 HPs)
             Began as a Minotaur Fighter on Apr 5, 2024.
             Was an Elder of Okawaru.
             Killed by divine providence
             ... invoked by an orc priest
              (14 damage)
             ... on level 9 of the Dungeon.
             The game lasted 00:16:45 (8536 turns).

Peloso the Carver (Minotaur Fighter)                Turns: 8536, Time: 00:16:46

Health: -10/90     AC: 17    Str: 20    XL:     10   Next: 69%
Magic:  7/9        EV: 10    Int:  5    God:    Okawaru [****..]
Gold:   176        SH:  7    Dex: 15    Spells: 9/9 levels left

rFire   . . .        a - +2 double sword (holy)
rCold   + . .        d - +0 buckler
rNeg    . . .        o - +0 plate armour
rPois   .            (helmet currently unavailable)
rElec   .            (cloak currently unavailable)
rCorr   .            n - melded +0 pair of gloves
SInv    .            (boots currently unavailable)
Will    .....        (no amulet) Stlth
                     u - ring of protection from cold
HPRegen 0.35/turn    (no ring)
MPRegen 0.11/turn

%: no passive effects
@: mighty, beast-form, heroic
A: beast (slay +1), horns 2, retaliatory headbutt
a: Begin Untransformation, Renounce Religion, Heroism, Finesse


You were on level 9 of the Dungeon.
You worshipped Okawaru.
Okawaru was greatly pleased with you.
You were a hulking beast.
You visited 1 branch of the dungeon, and saw 9 of its levels.

You collected 456 gold pieces.
You spent 280 gold pieces at shops.

Inventory:

Hand Weapons
 a - a +2 double sword of holy wrath (weapon)
 b - a +0 scimitar
 c - a +2 short sword of electrocution
Armour
 d - a +0 buckler (worn)
 n - a +0 pair of gloves (melded)
 o - a +0 plate armour (worn)
 q - a +0 chain mail
Jewellery
 r - a +6 ring of strength
 u - a ring of protection from cold (left hand)
 w - an amulet of faith
Talismans
 g - a blade talisman
 v - a maw talisman
 x - a beast talisman (active)
Wands
 t - a wand of paralysis (7)
Scrolls
 h - 2 scrolls of identify
 i - 3 scrolls of immolation
 j - 2 scrolls of poison
 p - 5 scrolls of teleportation
 s - 2 scrolls of fear
 y - a scroll of brand weapon
Potions
 e - 3 potions of might
 f - a potion of cancellation
 k - 3 potions of brilliance
 l - a potion of mutation
 m - 2 potions of enlightenment


   Skills:
 + Level 8.4(13.4) Fighting
 + Level 12.2(17.2) Long Blades
 + Level 10.6(15.6) Armour
 + Level 3.7(8.7) Dodging
 + Level 0.8(5.8) Stealth
 + Level 7.6(12.6) Shields
 + Level 0.7 Invocations
 + Level 1.9 Shapeshifting


You had 9 spell levels left.
You didn't know any spells.
Your spell library contained the following spells:

 Spells                   Type           Power      Damage    Failure   Level
 Blink                    Tloc           0%         N/A       100%        2
 Lesser Beckoning         Tloc           0%         N/A       100%        2
 Momentum Strike          Conj/Tloc      0%         3d8       100%        2
 Gell's Gravitas          Tloc           0%         N/A       100%        3
 Teleport Other           Tloc           0%         N/A       100%        3
 Ignite Poison            Fire/Alch      0%         N/A       100%        4
 Sticky Flame             Fire/Alch      0%         2d4       100%        4
 Alistair's Intoxication  Alch           0%         N/A       100%        5
 Borgnjor's Vile Clutch   Necr/Erth      0%         N/A       100%        5
 Dispersal                Tloc           0%         N/A       100%        6
 Eringya's Noxious Bog    Alch           0%         4d6       100%        6
 Ignition                 Fire           0%         3d3       100%        8


Dungeon Overview and Level Annotations

Branches:
Dungeon (9/15)             Temple (0/1) D:7            Lair (0/5) D:8
    Orc: D:9-12

Altars:
Fedhas
Gozag
Hepliaklqana
Nemelex Xobeh
Okawaru
Sif Muna
Uskayaw
Xom
The Shining One

Shops:
D:5 =   D:7 *   D:8 **


Innate Abilities, Weirdness & Mutations

You are a hulking beast.
Your limbs bulge with bestial killing power. (Slay +1)
You have a pair of horns on your head.
You reflexively headbutt those who attack you in melee.


Message History

The yak is moderately wounded.
The yak gores you but does no damage.
You slash the yak! Your headbutt misses the yak.
The yak is severely wounded.
The yak gores you but does no damage.
You hit the yak.
The yak is almost dead.
You slice the yak!!
You kill the yak!
Okawaru accepts your kill.
You barely miss the yak. You block the yak's attack.
You slice the yak!! You headbutt the yak!
The yak is almost dead.
You feel like a meek peon again.
You slash the yak!
You kill the yak!
Okawaru accepts your kill.
Items here: ††††.
An orc priest comes into view. It is wielding a +0 dagger.
An orc priest comes into view. It is wielding a +0 falchion.
The orc priest hits you with a +0 dagger.
* * * LOW HITPOINT WARNING * * *
The orc priest moves out of view.
You slice the orc priest!!
You kill the orc priest!
Okawaru accepts your kill.
An orc comes into view. It is wielding a +0 mace.
An orc priest comes into view. It is wielding a +1 dagger of speed.
You gain the combat prowess of a mighty hero.
The orc priest shouts!
The orc shouts!
The orc priest mumbles some strange prayers to Beogh against you.
Beogh smites you!
* * * LOW HITPOINT WARNING * * *
Things that are here:
a +0 dagger; a +0 scale mail You barely miss the orc priest.
You headbutt the orc priest!
The orc priest is almost dead.
The orc priest calls down the wrath of Beogh upon you.
Beogh smites you!
You die...

#+#..# ####.#
#..###.....#
#...†......#
#..#######.#
#..# #..# #..+
+..# #.h#
#...o#
.......oo
...)......
...........
............
.............
..............


You could see 2 orc priests and an orc.

Vanquished Creatures
  A two-headed ogre (D:9)
  An elephant (D:8)
  2 wyverns
  6 yaks (D:9)
  A water moccasin (D:9)
  Duvessa (D:7)
  3 orc warriors (D:8)
  An ice beast (D:6)
  3 sky beasts
  4 black bears
  5 ogres
  4 centaurs
  A phantom (D:6)
  3 bullfrogs
  4 scorpions
  10 wights
  Dowan (D:7)
  6 killer bees
  2 howler monkeys (D:9)
  A bombardier beetle (D:3)
  3 hounds
  2 orc priests
  2 gnoll boudas
  6 jellies
  A sleepcap (D:4)
  An iguana (D:7)
  Natasha (thrice) (D:2)
  10 orc wizards
  12 gnolls
  7 adders
  A shadow imp (D:7)
  A ribbon worm (D:3)
  31 orcs
  11 endoplasms
  5 giant cockroaches
  8 goblins
  6 hobgoblins
  8 jackals
  5 kobolds
  9 quokkas
  5 ball pythons
  5 bats
  3 frilled lizards
  7 rats
212 creatures vanquished.

Notes
Turn   | Place    | Note
-------+----------+-------------------------------------------
     0 | D:1      | Peloso the Minotaur Fighter began the quest for the Orb.
     0 | D:1      | Reached XP level 1. HP: 19/19 MP: 0/0
    82 | D:1      | Reached XP level 2. HP: 27/27 MP: 1/1
   347 | D:1      | Reached XP level 3. HP: 23/33 MP: 2/2
   483 | D:1      | Noticed a shining eye
   489 | D:1      | Noticed a great orb of eyes
   491 | D:1      | Found a faded altar of an unknown god.
   493 | D:1      | Noticed an eye of devastation
   493 | D:1      | Noticed an eye of devastation
   858 | D:1      | Identified a scroll of acquirement
   858 | D:1      | Acquired a +0 double sword of holy wrath
  1052 | D:2      | Noticed Natasha
  1065 | D:2      | Killed Natasha
  1066 | D:2      | Reached skill level 3 in Long Blades
  1066 | D:2      | Reached XP level 4. HP: 32/40 MP: 3/3
  1328 | D:2      | Noticed Natasha
  1331 | D:2      | Killed Natasha
  1338 | D:2      | Noticed Natasha
  1345 | D:2      | Killed Natasha
  1346 | D:2      | Reached skill level 1 in Dodging
  1412 | D:2      | You fall into a shaft and drop 1 floor!
  1427 | D:3      | Reached skill level 4 in Long Blades
  1427 | D:3      | Reached XP level 5. HP: 44/47 MP: 4/4
  1890 | D:3      | Found a sparkling altar of Nemelex Xobeh.
  2167 | D:2      | Reached skill level 5 in Armour
  2803 | D:4      | Reached XP level 6. HP: 48/53 MP: 5/5
  2809 | D:4      | Reached skill level 5 in Long Blades
  2998 | D:4      | Reached skill level 5 in Fighting
  2998 | D:4      | Reached skill level 6 in Long Blades
  3254 | D:4      | Found an opulent altar of Gozag.
  3387 | D:5      | Entered Level 5 of the Dungeon
  3396 | D:4      | Reached XP level 7. HP: 4/61 MP: 6/6
  3688 | D:5      | Found a glowing golden altar of the Shining One.
  3688 | D:5      | Found an iron altar of Okawaru.
  3689 | D:5      | Found a hide-covered altar of Uskayaw.
  3721 | D:5      | Reached skill level 7 in Long Blades
  3724 | D:5      | Reached skill level 5 in Shields
  3807 | D:5      | Became a worshipper of Warmaster Okawaru
  3966 | D:5      | Reached XP level 8. HP: 42/70 MP: 7/7
  4342 | D:5      | Found Jeodad's Jewellery Shoppe.
  4473 | D:6      | Reached skill level 8 in Long Blades
  4600 | D:6      | Found a shimmering altar of Xom.
  4643 | D:6      | Identified the +1 helmet of the Skiapode {rN++ Will+ Str-5
                  | SInv}
  4655 | D:6      | Reached * piety under Okawaru
  4742 | D:6      | Reached skill level 9 in Long Blades
  4995 | D:6      | Found a hazy altar of Hepliaklqana.
  5158 | D:6      | Reached XP level 9. HP: 64/78 MP: 8/8
  5357 | D:7      | Noticed Duvessa
  5357 | D:7      | Noticed Dowan
  5372 | D:7      | Killed Duvessa
  5380 | D:6      | Reached ** piety under Okawaru
  5480 | D:7      | Killed Dowan
  5614 | D:7      | Reached skill level 10 in Long Blades
  5850 | D:7      | Found a staircase to the Ecumenical Temple.
  6090 | D:7      | Found Looskyri's Overcharged Wands.
  6549 | D:8      | Found a blossoming altar of Fedhas.
  6623 | D:8      | Reached *** piety under Okawaru
  7203 | D:8      | Found Umni's Changing Room.
  7277 | D:8      | Bought a beast talisman for 280 gold pieces
  7458 | D:8      | Found Vimyqoz's General Store.
  7491 | D:8      | Found a staircase to the Lair.
  7491 | D:8      | Noticed an elephant
  7518 | D:8      | Killed an elephant
  7519 | D:8      | Reached skill level 11 in Long Blades
  7519 | D:8      | Reached XP level 10. HP: 39/86 MP: 9/9
  7850 | D:8      | Reached skill level 10 in Armour
  8400 | D:9      | Noticed a two-headed ogre
  8412 | D:9      | Killed a two-headed ogre
  8412 | D:9      | Reached **** piety under Okawaru
  8413 | D:9      | Reached skill level 1 in Shapeshifting
  8428 | D:9      | Found a shimmering blue altar of Sif Muna.
  8511 | D:9      | Reached skill level 12 in Long Blades
  8535 | D:9      | HP: 4/90 [orc priest/divine providence (9)]
  8536 | D:9      | Killed from afar by an orc priest

Illustrated notes

Levels and vault maps discovered:
D:1:      minmay_arrival_jagged, layout_loops_ring,
          hellmonk_ecumenical_altar_watching_god, minmay_misc_feat_four_crosses
D:2:      layout_loops_ring, uniq_natasha
D:3:      layout_basic, nemelex_spade_bored_becter, nicolae_underground_beach
D:4:      layout_basic, grunt_gozag_statues, minivault_4
D:5:      layout_rooms, chequers_temple_overflow_statue_of_worship,
          serial_shops, kennysheep_mini
D:6:      layout_loops_ring, mainiacjoe_overflow_paths,
          nicolae_hepliaklqana_hazy_memory
D:7:      minmay_spotlight, layout_basic, minmay_temple_entry_offerings,
          nicolae_shop_overcharged_wands, uniq_duvessa
D:8:      layout_loops_cross, fedhas_bush_and_centaur_altar, david_lair_generic,
          serial_co_window_serial, co_window_paths_a, co_window_paths_b,
          co_window_of_opportunity_a, co_window_paths_b,
          co_window_of_opportunity_a, co_window_corner_a,
          co_window_of_opportunity_a, co_window_2corner, co_window_cross_2,
          co_window_2corner, co_window_broadway_b, co_window_of_opportunity_b,
          co_window_paths_e, glass_columns_a, nicolae_take_the_stairs,
          nicolae_transmutations_shop
D:9:      layout_irregular_city, nicolae_overflow_hidden_temple,
          nicolae_sif_muna_little_library, enter_bailey_7

Skill      XL: |  1  2  3  4  5  6  7  8  9 10 |
---------------+-------------------------------+-----
Shields        | 4 5 7 |  7.6
Armour         | 4 5 6 8 9 10 | 10.6
Fighting       | 4 5 6 7 8 |  8.4
Long Blades    | 3 4 6 7 9 11 12 | 12.2
Dodging        | 1 2 3 |  3.7
Shapeshifting  | 1 |  1.9
Stealth        | |  0.8
Invocations    | |  0.7

Action                     |  1- 3 |  4- 6 |  7- 9 | 10-12 || total
---------------------------+-------+-------+-------+-------++-------
  Melee: Long sword        |    76 |       |       |       ||    76
         Headbutt          |     9 |    23 |    65 |    21 ||   118
         Double sword      |    17 |   122 |   295 |    95 ||   529
 Invoke: Heroism           |       |       |       |     4 ||     4
  Evoke: Wand              |       |       |     1 |       ||     1
    Use: Scroll            |     1 |     8 |     4 |     1 ||    14
         Potion            |     1 |       |     3 |     1 ||     5
   Stab: Paralysed         |       |       |     2 |       ||     2
 Armour: Scale mail        |    72 |    59 |       |       ||   131
         Chain mail        |       |    51 |   225 |       ||   276
         Plate armour      |       |       |    48 |    70 ||   118
  Dodge: Dodged            |    55 |    56 |   111 |    42 ||   264
  Block: Buckler           |    27 |    31 |    97 |    26 ||   181
   Form: Beast             |       |       |     1 |       ||     1
